Map: Para Site LE

Players

MechPrime - Winner!

  • Race: Terran Terran
  • League: Bronze
  • Spawn Location: 5:00

Ventoron

  • Race: Terran Terran
  • League: Platinum
  • Spawn Location: 11:00

VOD

Have the link to the VOD?

Description

Time

  • Played on: Jan. 1, 2019, 10:12 p.m.
  • Length: 13:15
Show
View Real Time Build Order
Export as new Build Order

MechPrime Terran - Winner!

Build Orders: Command Center First (CC) 

Get SALT Encoding   

  12  0:01  SCV  
  13  0:13  SCV  
  14  0:17  Supply Depot  
  14  0:25  SCV  
  15  0:38  SCV  
  16  0:50  SCV  
  17  1:02  SCV  
  17  1:03  Command Center  
  18  1:13  Barracks  
  18  1:16  SCV  
  19  1:22  Refinery  
  19  1:28  SCV  
  20  1:40  SCV  
  20  1:44  Supply Depot  
  21  1:52  SCV  
  22  2:07  Reaper  
  23  2:13  Orbital Command  
  23  2:16  Orbital Command  
  23  2:22  Barracks  
  23  2:27  Refinery  
  23  2:41  Barracks Reactor  
  23  2:42  SCV  
  24  2:50  SCV  
  25  2:54  SCV  
  26  3:00  Factory  
  26  3:02  SCV  
  27  3:07  SCV  
  28  3:15  SCV  
  28  3:17  Barracks Tech Lab  
  28  3:19  SCV  
  29  3:23  Marine x2  
  31  3:31  Command Center  
  31  3:32  SCV  
  31  3:33  Bunker  
  32  3:36  Stimpack, Marine  
  32  3:41  Marine x2  
  33  3:42  Supply Depot, SCV  
  33  3:44  Factory Tech Lab  
  33  3:46  SCV  
  37  3:54  SCV, Marine  
  39  3:58  SCV  
  39  3:59  Marine x2  
  42  4:06  SCV  
  42  4:07  Refinery  
  42  4:09  Supply Depot x2, Siege Tank  
  46  4:13  Marine  
  46  4:17  Marine x2  
  47  4:21  SCV  
  47  4:22  SCV  
  47  4:23  Starport  
  51  4:33  SCV, Marine  
  51  4:34  SCV, Marine x2  
  56  4:42  Refinery  
  56  4:43  Engineering Bay  
  56  4:44  SCV  
  56  4:45  SCV  
  58  4:50  Marine  
  58  4:51  SCV  
  58  4:52  Marine  
  60  4:56  SCV  
  60  4:57  SCV  
  63  5:01  Starport Reactor  
  63  5:02  Barracks  
  63  5:03  SCV  
  64  5:08  SCV  
  64  5:09  SCV  
  64  5:11  Marine x3  
  69  5:14  Siege Tank  
  69  5:17  SCV  
  69  5:20  SCV  
  74  5:22  Missile Turret  
  74  5:27  Missile Turret  
  74  5:29  SCV  
  74  5:30  SCV  
  74  5:32  Marine  
  74  5:33  Marine  
  78  5:40  Supply Depot  
  78  5:54  Medivac  
  82  6:00  Siege Tank  
  82  6:02  Medivac  
  85  6:06  Supply Depot, Marine  
  85  6:07  Marine  
  85  6:08  Marine  
  88  6:15  Barracks Reactor  
  88  6:24  Viking  
  90  6:26  Marauder  
  90  6:32  Viking, Siege Tank  
  96  6:47  Orbital Command, Marauder  
  96  6:48  SCV x2  
  96  6:54  Missile Turret  
  100  6:55  Marine x4  
  100  6:58  Missile Turret  
  100  7:00  Missile Turret, SCV x2  
  106  7:08  Marine  
  106  7:11  Viking  
  109  7:17  Barracks x2  
  109  7:18  Terran Infantry Weapons Level 1  
  109  7:21  Engineering Bay  
  109  7:26  Armory  
  109  7:38  Supply Depot  
  109  7:40  Supply Depot  
  109  7:41  Supply Depot  
  109  7:44  Refinery  
  109  7:45  Refinery  
  109  7:48  Missile Turret  
  109  7:50  Missile Turret  
  109  8:00  SCV, Marine, Marauder, Medivac x2  
  109  8:01  Terran Infantry Armor Level 1, Siege Tank, SCV x2, Marine  
  109  8:02  Marine x2  
  109  8:05  Supply Depot  
  125  8:10  Barracks Tech Lab  
  125  8:12  SCV, Barracks Reactor  
  126  8:13  SCV x2  
  126  8:15  Combat Shield, Barracks  
  126  8:18  Marine  
  126  8:19  Marine  
  130  8:20  Marine x2  
  130  8:24  SCV  
  130  8:26  SCV x2  
  130  8:27  Marauder  
  137  8:30  Viking, Medivac  
  137  8:33  Starport  
  141  8:38  Factory  
  141  8:39  Supply Depot  
  141  8:51  Supply Depot x2  
  141  8:53  Supply Depot  
  141  9:01  Viking x2, Marine x2, Marauder  
  141  9:02  Supply Depot  
  149  9:12  Sensor Tower  
  149  9:13  Siege Tank, SCV x3, Marauder  
  149  9:14  Marine x3  
  149  9:15  Marine  
  161  9:18  Marine x2  
  161  9:19  Supply Depot  
  161  9:21  Supply Depot  
  161  9:22  Marauder  
  163  9:25  SCV x3  
  163  9:28  Liberator  
  163  9:29  Liberator  
  166  9:31  Missile Turret, Marine  
  166  9:34  Marauder  
  166  9:37  SCV x2  
  171  9:51  Marine x3, Marauder  
  182  9:56  Marauder  
  184  10:03  Missile Turret  
  184  10:11  Liberator x2  
  184  10:22  Barracks Reactor  
  184  10:25  Factory Tech Lab  
  184  10:27  Supply Depot  
  190  10:47  Thor  
  196  10:55  Supply Depot  
  196  10:56  Terran Infantry Weapons Level 2, Terran Infantry Armor Level 2, Liberator  
  196  11:39  Viking  
  198  11:45  Starport  
  198  11:54  Command Center  
  198  11:56  Viking  
  180  12:23  Viking  
  180  12:24  Starport Reactor  
  180  12:26  Viking  
  184  12:36  Starport Reactor  
  184  12:43  Siege Tank  
Show
View Real Time Build Order
Export as new Build Order

Ventoron Terran 

Build Orders: Reaper Expand 

Get SALT Encoding   

  12  0:01  SCV  
  13  0:13  SCV  
  14  0:19  Supply Depot  
  14  0:25  SCV  
  15  0:40  SCV  
  15  0:42  Barracks  
  16  0:48  Refinery  
  16  0:53  SCV  
  17  1:05  SCV  
  18  1:17  SCV  
  19  1:29  Orbital Command  
  19  1:32  Reaper  
  20  1:40  Command Center  
  20  1:47  Refinery  
  20  1:55  SCV  
  21  2:01  Supply Depot  
  21  2:07  SCV  
  22  2:16  Barracks Reactor  
  22  2:20  SCV  
  22  2:21  Factory  
  23  2:32  SCV  
  24  2:44  SCV  
  25  2:51  Orbital Command  
  25  2:54  Marine x2  
  25  2:56  SCV  
  28  3:04  Supply Depot  
  28  3:05  Starport  
  28  3:08  SCV  
  28  3:19  Marine x2  
  29  3:22  Widow Mine  
  29  3:24  SCV x2  
  34  3:35  Supply Depot  
  34  3:36  SCV x2  
  34  3:39  Refinery  
  34  3:40  Marine x2  
  38  3:43  Starport Tech Lab  
  38  3:44  Factory Tech Lab  
  38  3:52  Barracks  
  38  3:55  Barracks  
  38  3:58  SCV, Marine x2  
  38  3:59  SCV  
  42  4:04  Refinery  
  42  4:11  SCV x2  
  44  4:19  Marine x2  
  44  4:23  SCV x2  
  48  4:31  Factory Tech Lab  
  48  4:33  Starport Tech Lab  
  48  4:35  SCV x2  
  48  4:36  Marine x2  
  52  4:47  SCV x2  
  52  4:50  Combat Shield, Stimpack  
  52  4:52  Siege Tank  
  57  4:54  Marine  
  57  4:56  Marine  
  62  5:06  Supply Depot  
  62  5:08  Supply Depot  
  62  5:15  SCV x2  
  62  5:21  Raven  
  61  5:22  Marine  
  61  5:23  Marine x3  
  61  5:27  SCV x2  
  69  5:30  Siege Tank  
  72  5:37  Engineering Bay  
  72  5:38  Engineering Bay  
  72  5:40  Marine x2  
  72  5:41  SCV x2, Marine x2  
  78  5:53  SCV  
  78  5:54  SCV  
  80  5:58  Marine x3  
  80  5:59  Marine  
  84  6:06  SCV x2  
  86  6:11  Factory  
  86  6:13  Starport Reactor  
  86  6:22  Marine x4  
  86  6:23  Siege Tank  
  93  6:26  Supply Depot  
  93  6:31  Terran Infantry Armor Level 1, Terran Infantry Weapons Level 1  
  93  6:32  Command Center  
  93  6:36  SCV  
  94  6:42  Marine x2  
  94  6:46  Supply Depot  
  94  6:47  Supply Depot, SCV, Marine x2  
  97  6:57  Medivac x2  
  97  6:59  Marine  
  102  7:08  Siege Tank x2, Marine x3  
  110  7:11  Supply Depot  
  110  7:12  Supply Depot  
  111  7:36  Medivac x2  
  115  7:43  Starport  
  115  7:44  Starport  
  115  7:47  Siege Tank x2  
  121  7:54  Armory  
  121  7:56  Marine x3  
  121  7:57  Marine  
  125  8:01  SCV x2  
  127  8:06  Medivac x2  
  131  8:13  SCV x2  
  131  8:14  Marine  
  134  8:20  Marine x2  
  134  8:21  Marine  
  134  8:22  Siege Tank x2  
  134  8:26  Starport Reactor  
  143  8:27  Starport Reactor  
  143  8:30  SCV x2  
  143  8:32  Marine  
  146  8:39  Refinery  
  146  8:40  Refinery, Planetary Fortress  
  146  8:42  SCV x2  
  148  9:01  Siege Tank x2  
  154  9:37  Marine x4  
  148  9:39  Siege Tank x2  
  148  9:41  Viking x3  
  160  9:50  Viking  
  162  9:55  Marine x4  
  162  9:56  SCV x2  
  162  9:57  SCV  
  169  10:08  SCV  
  169  10:09  SCV x2  
  169  10:12  Marine  
  173  10:32  Supply Depot  
  173  10:33  Supply Depot  
  173  10:36  Supply Depot, SCV x2  
  173  10:37  Supply Depot  
  173  10:48  Viking, SCV  
  173  10:53  Viking x2, Siege Tank, SCV  
  173  10:54  Viking x2, Siege Tank, SCV  
  189  10:57  Viking, Marine  
  189  11:00  SCV  
  189  11:01  Liberator  
  193  11:06  Liberator  
  193  11:09  Terran Vehicle Weapons Level 1  
  199  11:30  Command Center  
  185  12:01  Sensor Tower  
  166  12:18  Sensor Tower  
  155  12:38  Fusion Core  
Tags
 
Add a new tag
Caveats
  • Supply blocks, unpowered buildings, or Contaminate may cause inaccurate times.
  • Supply counts are checked every 10 seconds.